 Dungeon Crawl Stone Soup version 0.32-a0-571-gec57dfcd37 (webtiles) character file.

Game seed: 6173642539317016953

13275 hikkokomori the Thaumaturge (level 11, 0/97 HPs)
             Began as a Black Draconian Ice Elementalist on Feb 29, 2024.
             Was a High Priest of Vehumet.
             Engulfed by a cloud of freezing vapour (26 damage)
             ... on level 1 of the Orcish Mines.
             The game lasted 00:46:42 (10714 turns).

hikkokomori the Thaumaturge (DrIE)                 Turns: 10714, Time: 00:46:42

Health: 0/97       AC: 10    Str:  9    XL:     11   Next: 73%
Magic:  16/25      EV: 13    Int: 18    God:    Vehumet [*****.]
Gold:   422        SH:  5    Dex: 23    Spells: 4/30 levels left

rFire   . . .        r - +2 short sword (venom)
rCold   . . .        (no shield)
rNeg    . . .        (body armour unavailable)
rPois   +            y - +0 hat {Will+}
rElec   +            j - +2 cloak
rCorr   .            (no gloves)
SInv    .            (no boots)
Will    +....        N - amulet of reflection
Stlth   +++          l - +6 ring of dexterity
HPRegen 0.36/turn    e - +4 ring of slaying
MPRegen 0.19/turn

%: reflection, clarity
@: slowed, very slow
A: galvanic breath, AC +7, unfitting armour, electricity resistance,
cold-blooded, agile 1, clarity, poison resistance
a: Galvanic Breath, Renounce Religion


You were on level 1 of the Orcish Mines.
You worshipped Vehumet.
Vehumet was extremely pleased with you.
You visited 3 branches of the dungeon, and saw 13 of its levels.

You collected 790 gold pieces.
You spent 368 gold pieces at shops.

Inventory:

Hand Weapons
 r - a +2 short sword of venom (weapon)
 u - the +4 hand axe of Jethraqe {protect, rPois rCorr}
   (You found it on level 4 of the Dungeon)

   rPois:     It protects you from poison rCorr: It protects you from acid and
   corrosion.
 C - a +2 falchion of freezing
 D - a +4 falchion
 H - a +0 war axe of draining
 O - the +7 orcbow "Zire" {speed, rF+}
   (You found it on level 10 of the Dungeon)

   rF+:       It protects you from fire.
Missiles
 w - a throwing net
 I - 4 curare-tipped darts
Armour
 j - a +2 cloak (worn)
 y - a +0 hat of willpower (worn)
Jewellery
 e - a +4 ring of slaying (right hand)
 l - a +6 ring of dexterity (left hand)
 t - an amulet of the acrobat
 N - an amulet of reflection (around neck)
 P - an amulet of faith
Wands
 p - a wand of charming (5)
 q - a wand of polymorph (12)
 B - a wand of mindburst (6)
 K - a wand of roots (5)
 R - a wand of flame (3)
Scrolls
 c - 2 scrolls of teleportation
 d - 2 scrolls of fear
 g - 4 scrolls of enchant weapon
 k - 4 scrolls of vulnerability
 m - 2 scrolls of fog
 x - a scroll of acquirement {unknown}
 E - 2 scrolls of enchant armour
 M - a scroll of brand weapon {unknown}
Potions
 a - 3 potions of magic
 f - 2 potions of berserk rage
 h - 2 potions of resistance
 i - 3 potions of brilliance
 o - 4 potions of curing
 s - a potion of degeneration
 v - 2 potions of might
 z - a potion of mutation
 A - a potion of heal wounds {unknown}
 F - a potion of lignification
 G - a potion of cancellation
 J - a potion of haste {unknown}
 Q - a potion of ambrosia {unknown}


   Skills:
 - Level 9.0 Fighting
 - Level 2.0 Dodging
 - Level 4.0 Stealth
 + Level 10.3 Spellcasting
 - Level 4.0 Conjurations
 - Level 5.0 Summonings
 - Level 4.4 Fire Magic
 - Level 6.0 Ice Magic
 - Level 8.0 Air Magic
 - Level 3.0 Earth Magic
 - Level 3.0 Alchemy
 - Level 2.0 Evocations


You had 4 spell levels left.
You knew the following spells:

 Your Spells              Type           Power      Damage    Failure   Level
a - Freeze                Ice            100%       1d10      1%          1
b - Frozen Ramparts       Ice            60%        1d10      1%          3
c - Stone Arrow           Conj/Erth      42%        3d9       1%          3
d - Ozocubu's Armour      Ice            30%        N/A       1%          3
e - Summon Ice Beast      Ice/Summ       29%        N/A       2%          3
f - Airstrike             Air            19%        2d(3-19)  1%          4
g - Summon Lightning Spi  Summ/Air       32%        N/A       5%          4
i - Freezing Cloud        Conj/Ice/Air   15%        6-21      5%          5

Your spell library contained the following spells:

 Spells                   Type           Power      Damage    Failure   Level
 Ozocubu's Refrigeration  Ice            15%        4d10      77%         7
 Foxfire                  Conj/Fire      96%        2x1d8     1%          1
 Sandblast                Erth           40%        2d10      1%          1
 Shock                    Conj/Air       100%       1d9       1%          1
 Scorch                   Fire           50%        2d7       1%          2
 Swiftness                Air            38%        N/A       1%          3
 Flame Wave               Conj/Fire      24%        2d8       4%          4
 Sticky Flame             Fire/Alch      22%        2d6       4%          4
 Brom's Barrelling Bould  Conj/Erth      21%        2d4       5%          4
 Passwall                 Erth           20%        N/A       7%          3
 Necrotise                Necr           36%        1d5       8%          1
 Vampiric Draining        Necr           9%         2d6       22%         3
 Martyr's Knell           Necr/Summ      18%        N/A       26%         4
 Lee's Rapid Deconstruct  Erth           10%        3d8*      16%         5
 Plasma Beam              Fire/Air       15%        2x1d27    24%         6
 Starburst                Conj/Fire      12%        6d5       45%         6
 Summon Cactus Giant      Summ           13%        N/A       83%         6
 Curse of Agony           Necr           9%         N/A       91%         5
 Animate Armour           Summ/Erth      Unusable   N/A       N/A         4

Dungeon Overview and Level Annotations

Branches:
Dungeon (11/15)            Temple (1/1) D:5            Lair (0/5) D:11
    Orc (1/2) D:11

Altars:
Ashenzari
Cheibriados
Dithmenos
Elyvilon
Fedhas
Gozag
Hepliaklqana
Kikubaaqudgha
Makhleb
Nemelex Xobeh
Okawaru
Qazlal
Ru
Sif Muna
Trog
Uskayaw
Vehumet
Wu Jian
Xom
Yredelemnul
Zin
The Shining One

Shops:
D:1 :   D:3 ?   D:4 [

Annotations:
Orc:1 Erolcha


Innate Abilities, Weirdness & Mutations

You can breathe arcing electricity.
Your glossy black scales are hard. (AC +7)
You cannot fit into any form of body armour.
You are resistant to electric shocks. (rElec)
You are cold-blooded and may be slowed by cold attacks.
You are agile. (Dex +4, Str/Int -1)
You possess an exceptional clarity of mind.
Your system is resistant to poisons. (rPois)


Message History

The ogre is engulfed in freezing vapours.
The orc hits you but does no damage.
The orc warrior is engulfed in freezing vapours.
The orc warrior closely misses you.
An orc comes into view. It is wielding a +0 dagger.
Casting: Freezing Cloud (dangerous; 5% risk of failure)
Confirm with . or Enter, or press ? or * to list all spells.
Aiming: Freezing Cloud (dangerous; 5% risk of failure)
Press: ? - help, Dir - move target You are engulfed in freezing vapours.
You feel yourself slow down.
A wolf simulacrum comes into view.
The ogre is engulfed in freezing vapours. x2
The orc barely misses you.
The orc warrior is engulfed in freezing vapours.
You block the orc warrior's attack.
Erolcha the Cunning comes into view.
She is wielding a +0 giant club.
You hit the orc.
The orc is poisoned.
The orc is heavily wounded.
You are engulfed in freezing vapours.
* * * LOW HITPOINT WARNING * * *
You kill the orc!
Vehumet accepts your kill.
You feel your power returning. You block the wolf simulacrum's attack.
The ogre is engulfed in freezing vapours.
You kill the ogre!
Vehumet accepts your kill.
You feel your power returning.
The orc warrior is engulfed in freezing vapours.
You kill the orc warrior!
Vehumet accepts your kill.
You feel your power returning.
Erolcha screams, "Erolcha angry!"
Erolcha casts a spell.
Erolcha flickers and vanishes!
The ogre is engulfed in freezing vapours.
You kill the ogre!
Vehumet accepts your kill.
You feel your power returning.
You are engulfed in freezing vapours.
You die...

{.... ...#
$....## ...##
.o....§#....
..$o.h.§§§.
....§§§§○§
....☼○§§○
....§§§.#
...o§.>@#
........Z#
....#...Z§○
........§☼§..
#
.....§§..#.#
...........#
.#
#...........
.
.............


You could see a warg, 2 wolf simulacra and 3 orcs.

Vanquished Creatures
  A centaur warrior (D:10)
  A two-headed ogre (D:9)
  An ugly thing (D:11)
  A manticore (D:11)
  A cyclops (D:10)
  Joseph (D:7)
  Maggie (D:7)
  2 kobold demonologists (D:11)
  A troll (D:10)
  A hornet (D:7)
  A vampire (D:11)
  A shadow (D:9)
  26 yaks
  A warg (D:11)
  A steam dragon (D:8)
  A water moccasin (D:5)
  3 orc warriors
  A black bear (D:4)
  2 ice beasts
  2 wolves (D:11)
  4 ogres
  6 centaurs
  A phantom (D:7)
  2 kobold brigands (D:11)
  3 scorpions
  3 wights (D:6)
  22 killer bees
  4 howler monkeys
  9 electric eels
  A bombardier beetle (D:5)
  A gnoll bouda (D:8)
  Crazy Yiuf (D:3)
  2 hounds (D:4)
  4 jellies
  5 iguanas
  11 orc priests
  A sleepcap (D:7)
  17 orc wizards
  9 gnolls
  14 adders
  A shadow imp (D:8)
  7 white imps
  2 ufetubi (D:6)
  2 dart slugs (D:3)
  3 ribbon worms
  52 orcs
  7 bats
  7 endoplasms
  6 goblins
  8 hobgoblins
  4 jackals (D:4)
  2 quokkas
  8 ball pythons
  3 frilled lizards
  13 kobolds
  3 rats (D:3)
298 creatures vanquished.

Vanquished Creatures (collateral kills)
  An orc (D:8)
1 creature vanquished.

Vanquished Creatures (others)
  A gnoll (D:4)
  An orc (D:10)
  A kobold (D:11)
3 creatures vanquished.

Grand Total: 302 creatures vanquished

Notes
Turn   | Place    | Note
-------+----------+-------------------------------------------
     0 | D:1      | hikkokomori the Draconian Ice Elementalist began the quest
                  | for the Orb.
     0 | D:1      | Reached XP level 1. HP: 14/14 MP: 3/3
   165 | D:1      | Found Vatyrgh's Book Shoppe.
   179 | D:1      | Reached skill level 1 in Fighting
   198 | D:1      | Gained mutation: You are agile. (Dex +4, Str/Int -1)
                  | [potion of mutation]
   198 | D:1      | Gained mutation: Your system is resistant to poisons.
                  | (rPois) [potion of mutation]
   198 | D:1      | Gained mutation: You possess an exceptional clarity of
                  | mind. [potion of mutation]
   204 | D:1      | Reached XP level 2. HP: 22/23 MP: 3/5
   615 | D:2      | Reached XP level 3. HP: 27/30 MP: 6/6
   734 | D:2      | You fall into a shaft and drop 1 floor!
  1368 | D:3      | Reached XP level 4. HP: 38/38 MP: 7/7
  1415 | D:3      | Learned a level 3 spell: Frozen Ramparts
  1419 | D:3      | Learned a level 3 spell: Stone Arrow
  1487 | D:3      | Found a faded altar of an unknown god.
  1651 | D:3      | Noticed Sigmund
  1673 | D:3      | Sigmund changed into Sigmund the iguana
  1673 | D:3      | Noticed Sigmund
  1687 | D:3      | Killed Sigmund the iguana
  1688 | D:3      | Reached XP level 5. HP: 34/46 MP: 7/9
  1730 | D:3      | Found Imuit's Magic Scroll Boutique.
  1738 | D:3      | Bought a scroll of identify for 24 gold pieces
  1738 | D:3      | Bought a scroll of identify for 24 gold pieces
  1753 | D:3      | Found a bloodstained altar of Trog.
  1755 | D:3      | Found a snail-covered altar of Cheibriados.
  1836 | D:3      | Found a runed translucent door.
  1837 | D:3      | Noticed Crazy Yiuf
  1859 | D:3      | Killed Crazy Yiuf
  2003 | D:4      | Reached skill level 3 in Spellcasting
  2007 | D:4      | Found a basalt altar of Yredelemnul.
  2066 | D:4      | Identified the +4 hand axe of Jethraqe {protect, rPois
                  | rCorr}
  2218 | D:4      | Reached skill level 5 in Ice Magic
  2220 | D:4      | Reached XP level 6. HP: 53/53 MP: 10/10
  2283 | D:4      | Reached skill level 5 in Fighting
  2515 | D:4      | Reached skill level 1 in Evocations
  2519 | D:4      | Learned a level 3 spell: Ozocubu's Armour
  2650 | D:4      | Reached skill level 1 in Conjurations
  2650 | D:4      | Reached skill level 1 in Earth Magic
  2720 | D:4      | Your scales start taking on a glossy black colour.
  2720 | D:4      | Reached XP level 7. HP: 55/61 MP: 11/11
  2720 | D:4      | Gained mutation: You are resistant to electric shocks.
                  | (rElec) [Black Draconian growth]
  2974 | D:4      | Found Bobourghiedd's Armour Emporium.
  3088 | D:5      | Entered Level 5 of the Dungeon
  3099 | D:5      | Found a staircase to the Ecumenical Temple.
  3115 | Temple   | Entered the Ecumenical Temple
  3150 | Temple   | Became a worshipper of Vehumet
  3444 | D:5      | Found a shadowy altar of Dithmenos.
  3568 | D:5      | Reached skill level 4 in Spellcasting
  3572 | D:5      | Learned a level 3 spell: Summon Ice Beast
  3711 | D:5      | Reached skill level 1 in Summonings
  3873 | D:6      | Reached XP level 8. HP: 56/68 MP: 14/14
  4867 | D:6      | Reached * piety under Vehumet
  4867 | D:6      | Offered knowledge of Magic Dart by Vehumet.
  4881 | D:6      | Reached skill level 5 in Spellcasting
  4881 | D:6      | Reached XP level 9. HP: 44/79 MP: 2/16
  5254 | D:7      | Found an iron altar of Okawaru.
  5310 | D:7      | Found a glowing silver altar of Zin.
  5330 | D:7      | Noticed Maggie
  5342 | D:7      | Killed Maggie
  5343 | D:7      | Reached skill level 6 in Spellcasting
  5461 | D:7      | Reached skill level 7 in Spellcasting
  5716 | D:7      | Noticed Joseph
  5744 | D:7      | Killed Joseph
  5745 | D:7      | Reached skill level 8 in Spellcasting
  6318 | D:8      | Reached skill level 9 in Spellcasting
  6505 | D:8      | Reached ** piety under Vehumet
  6506 | D:8      | Offered knowledge of Sting by Vehumet.
  6507 | D:8      | Reached XP level 10. HP: 77/86 MP: 19/23
  6599 | D:8      | Learned a level 4 spell: Airstrike
  7036 | D:1      | Bought a book of Iron for 320 gold pieces
  7041 | D:1      | Learned a level 4 spell: Summon Lightning Spire
  7193 | D:9      | Reached skill level 1 in Air Magic
  7384 | D:9      | Found a shimmering altar of Xom.
  7499 | D:9      | Noticed a cyclops
  7500 | D:9      | Noticed a boulder beetle
  7633 | D:9      | Reached skill level 10 in Spellcasting
  7692 | D:9      | Reached skill level 5 in Summonings
  7694 | D:9      | Offered knowledge of Hailstorm by Vehumet.
  7698 | D:9      | Reached skill level 5 in Air Magic
  8121 | D:9      | Noticed a two-headed ogre
  8133 | D:9      | Killed a two-headed ogre
  8313 | D:9      | Reached *** piety under Vehumet
  8326 | D:9      | Found an ornate altar of the Wu Jian Council.
  8417 | D:9      | Found a shimmering blue altar of Sif Muna.
  8538 | D:9      | Found a broken altar of Ashenzari.
  8645 | D:10     | Entered Level 10 of the Dungeon
  8654 | D:10     | Reached XP level 11. HP: 71/92 MP: 25/25
  8692 | D:10     | Found a hazy altar of Hepliaklqana.
  8814 | D:10     | Identified the +7 orcbow "Zire" {speed, rF+}
  8831 | D:10     | Offered knowledge of Sticky Flame by Vehumet.
  8841 | D:10     | Learned a level 4 spell: Sticky Flame
  9153 | D:10     | Reached skill level 1 in Alchemy
  9156 | D:10     | Reached skill level 1 in Fire Magic
  9357 | D:10     | Found a stormy altar of Qazlal.
  9357 | D:10     | Noticed a centaur warrior
  9368 | D:10     | Killed a centaur warrior
  9730 | D:11     | Reached **** piety under Vehumet
  9745 | D:11     | Found a staircase to the Orcish Mines.
  9747 | D:11     | Offered knowledge of Freezing Cloud by Vehumet.
  9885 | D:11     | Learned a level 5 spell: Freezing Cloud
  9891 | D:11     | Noticed a purple ugly thing
  9905 | D:11     | Killed a purple ugly thing
 10086 | D:11     | Reached ***** piety under Vehumet
 10428 | D:11     | Found a staircase to the Lair.
 10477 | D:10     | Offered knowledge of Ozocubu's Refrigeration by Vehumet.
 10709 | Orc:1    | Entered Level 1 of the Orcish Mines
 10712 | Orc:1    | Noticed Erolcha
 10714 | Orc:1    | Engulfed by a cloud of freezing vapour

Illustrated notes

Levels and vault maps discovered:
D:1:      minmay_arrival_semitransparent, layout_basic, serial_shops,
          nicolae_shop_tiny_glass, chequers_decorated_corner
D:2:      layout_basic, minivault_5
D:3:      layout_rooms, minitemple, serial_shops, shop,
          dreamdust_ecumenical_altar_statues, kennysheep_generic_room_6,
          uniq_sigmund, uniq_crazy_yiuf_cottage
D:4:      minmay_chambers_of_twos, layout_gridville, old_standard_altar,
          serial_shops, shop, serial_glass, glass_columns_b, glass_columns_a,
          glass_columns_a
D:5:      layout_basic, general_overflow_altar, minmay_temple_entry_offerings
D:6:      layout_loops_cross
D:7:      layout_cave_pools, okawaru_ov_weapons_minmay,
          mainiacjoe_overflow_catwalk, uniq_joseph, uniq_maggie
D:8:      layout_cave_pools
D:9:      layout_cave_pools, mainiacjoe_overflow_brackets, lemuel_tele_altar,
          xom_teletrap_fun, nicolae_wu_jian_wuxing_cycle, serial_bayou,
          serial_bayou_shore_a, serial_bayou_pond_e, serial_bayou_lagoon_b,
          serial_bayou_shore_b, serial_bayou_lake_a, lightli_corner_chamber
D:10:     layout_big_octagon, hangedman_feature_mirror, lemuel_flamethrower_2
D:11:     layout_rooms, erik_lair_orcish_takeover, hiddenorc2_lemuel
Temple:   minmay_temple_forest_path
Orc:1:    layout_caves, portal_ice_cave_entry_ice_simulacra,
          nicolae_orc_rich_vein, uniq_fannar, uniq_erolcha

Skill      XL: |  1  2  3  4  5  6  7  8  9 10 11 |
---------------+----------------------------------+-----
Stealth        | 2 4 |  4.0
Dodging        | 2 |  2.0
Fighting       | 1 2 3 4 5 7 9 |  9.0
Spellcasting   | 3 4 5 9 10 | 10.3
Ice Magic      | 5 6 |  6.0
Evocations     | 1 2 |  2.0
Conjurations   | 1 3 4 |  4.0
Earth Magic    | 1 2 3 |  3.0
Summonings     | 1 3 5 |  5.0
Air Magic      | 8 |  8.0
Alchemy        | 3 |  3.0
Fire Magic     | 4 |  4.4

Action                     |  1- 3 |  4- 6 |  7- 9 | 10-12 || total
---------------------------+-------+-------+-------+-------++-------
  Melee: Hand axe          |    27 |       |    79 |    26 ||   132
         Tailslap          |    15 |    23 |    45 |    54 ||   137
         Unarmed           |     3 |       |       |       ||     3
         Dagger            |    52 |       |       |       ||    52
         Short sword       |     9 |   136 |   176 |   196 ||   517
   Fire: Orcbow            |       |       |       |     5 ||     5
   Cast: Freeze            |     3 |       |       |       ||     3
         Frozen Ramparts   |       |     5 |    12 |    19 ||    36
         Ozocubu's Armour  |       |       |     8 |    11 ||    19
         Stone Arrow       |       |       |    14 |    66 ||    80
         Summon Ice Beast  |       |       |     3 |       ||     3
         Freezing Cloud    |       |       |       |     3 ||     3
Ability: Galvanic Breath   |       |       |     2 |     8 ||    10
  Evoke: Wand              |       |     5 |     1 |    14 ||    20
    Use: Potion            |     2 |       |       |     1 ||     3
         Scroll            |       |     5 |     3 |     8 ||    16
   Stab: Sleeping          |     5 |     7 |     1 |     1 ||    14
         Distracted        |     1 |     1 |       |       ||     2
 Armour: Skin              |    43 |    81 |   221 |   297 ||   642
  Dodge: Dodged            |    81 |    82 |   230 |   222 ||   615
  Block: Other             |       |       |       |    28 ||    28
         Reflection        |       |       |       |     2 ||     2

Table legend: (Time is in decaauts)
 A = Elapsed time spent in this place.
 B = Non-inter-level travel time spent in this place.
 C = Inter-level travel time spent in this place.
 D = Time resting spent in this place.
 E = Time spent auto-exploring this place.
 F = Levels seen in this place.
 G = Mean time per level.
                   A        B        C        D        E       F      G
               +--------+--------+--------+--------+--------+-----+--------+
         Total |  10848 |  10152 |    696 |    802 |   7114 |  13 |  834.5 |
       Dungeon |  10769 |  10137 |    632 |    802 |   7114 |  11 |  979.0 |
        Temple |     73 |      9 |     64 |      0 |      0 |   1 |   73.0 |
  Orcish Mines |      5 |      5 |      0 |      0 |      0 |   1 |    5.0 |
               +--------+--------+--------+--------+--------+-----+--------+

Top non-repeatable levels by time:
    D:10: 1551 daAuts
     D:9: 1491 daAuts
     D:6: 1383 daAuts
     D:4: 1156 daAuts
     D:7: 880 daAuts
     D:8: 873 daAuts
     D:5: 775 daAuts
     D:3: 771 daAuts
     D:2: 730 daAuts
     D:1: 631 daAuts
    D:11: 523 daAuts
  Temple: 73 daAuts
   Orc:1: 5 daAuts
